 Dungeon Crawl Stone Soup version 0.30-a0-149-g7f746667c4 (webtiles) character file.

Game seed: 2479723819903339380

14 IdlyInterested the Twirler (level 2, -1/23 HPs)
             Began as a Demonspawn Wanderer on Sept 26, 2022.
             Slain by a goblin
             ... wielding a +0 hand axe
              (4 damage)
             ... on level 1 of the Dungeon.
             The game lasted 00:01:20 (108 turns).

IdlyInterested the Twirler (Demonspawn Wanderer)     Turns: 108, Time: 00:01:21

Health: -1/23      AC:  2    Str: 10    XL:     2   Next: 27%
Magic:  2/2        EV: 11    Int: 11    God:
Gold:   16         SH:  4    Dex: 16    Spells: 1/1 levels left

rFire   . . .      SeeInvis .    a - +2 quarterstaff
rCold   . . .      Faith    .    (shield currently unavailable)
rNeg    . . .      Spirit   .    e - +0 robe
rPois   .          Reflect  .    (no helmet)
rElec   .          Harm     .    (no cloak)
rCorr   .          Rampage  .    (no gloves)
Will    .....                    (no boots)
Stlth   +.........               (no amulet)
HPRegen 0.07/turn                (no ring)
MPRegen 0.08/turn                (no ring)

@: no status effects
A: condensation shield
a: no special abilities


You were on level 1 of the Dungeon.
You visited 1 branch of the dungeon, and saw 1 of its levels.

You collected 16 gold pieces.

Inventory:

Hand Weapons
 a - a +2 quarterstaff (weapon)
 b - a +0 falchion
Armour
 e - a +0 robe (worn)
 f - a +0 plate armour
Wands
 c - a wand of polymorph (3) (quivered)
Potions
 d - a potion of lignification


   Skills:
 + Level 2.3 Fighting
 - Level 1.7 Long Blades
 + Level 3.8 Staves
 + Level 0.9 Dodging
 - Level 2.0 Evocations


You had one spell level left.
You didn't know any spells.
Your spell library was empty.

Dungeon Overview and Level Annotations

Branches:
Dungeon (1/15)

Altars:


Innate Abilities, Weirdness & Mutations

A meltable shield of frost defends you. (SH +4)


Message History

There is an open door here.
As you open the door, it creaks loudly!
There is an open door here.
Found a robe.
You see here a +0 robe.
A goblin comes into view. It is wielding a +0 club.
The goblin shouts!
You hear a shout!
The goblin closely misses you.
You barely miss the goblin. The goblin hits you with a +0 club.
You completely miss the goblin. The goblin closely misses you.
The goblin hits you with a +0 club.
A gnoll comes into view. It is wielding a +0 whip.
You closely miss the goblin. The goblin closely misses you.
You hit the goblin but do no damage. The goblin hits you with a +0 club.
You hit the goblin.
You kill the goblin!
You hit the gnoll.
The gnoll is moderately wounded.
The gnoll hits you with a +0 whip.
You hit the gnoll.
The gnoll is severely wounded.
The gnoll closely misses you.
You hit the gnoll.
The gnoll is severely wounded.
The gnoll closely misses you.
You hit the gnoll.
You kill the gnoll!
You have reached level 2!
Your demonic ancestry asserts itself...
Frost condenses into a shield before you.
You start resting.
A goblin comes into view.
It is wielding a +0 hand axe and quivering poisoned darts.
The goblin shouts!
Things that are here:
a +0 whip; a +0 club; a goblin corpse You closely miss the goblin.
The goblin misses you.
You barely miss the goblin. The goblin hits you with a +0 hand axe.
* * * LOW HITPOINT WARNING * * *
The goblin hits you with a +0 hand axe.
You die...

# # #. # .# #.#
#.####.###..
#...#.g@........
#..####.#####.
#.......#
#.##...##
#########
#......######
#...#P..#
######......#
#...#..~#
#.####.#
##'###'##
#.####.#
........###
#...##.#


You could see a goblin.

Vanquished Creatures
  A gnoll (D:1)
  2 giant cockroaches (D:1)
  A goblin (D:1)
4 creatures vanquished.

Notes
Turn   | Place    | Note
-------+----------+-------------------------------------------
     0 | D:1      | IdlyInterested the Demonspawn Wanderer began the quest for
                  | the Orb.
     0 | D:1      | IdlyInterested set off with the following items: a +2
                  | quarterstaff, a +0 falchion, a wand of polymorph (3), a
                  | potion of lignification, a +0 robe.
     0 | D:1      | Reached XP level 1. HP: 16/16 MP: 1/1
   105 | D:1      | Gained mutation: A meltable shield of frost defends you.
                  | (SH +4) [demonic ancestry]
   105 | D:1      | Reached XP level 2. HP: 9/23 MP: 2/2
   108 | D:1      | Slain by a goblin

Illustrated notes

Levels and vault maps discovered:
D:1:      dpeg_arrival_prison, layout_loops_cross,
          hellmonk_ecumenical_altar_prayer_group, minmay_heptomino_l4

Action                   || total
-------------------------++-------
Melee: Quarterstaff      ||    17
Armor: Robe              ||     1
Dodge: Dodged            ||    10

Table legend: (Time is in decaauts)
 A = Elapsed time spent in this place.
 B = Non-inter-level travel time spent in this place.
 C = Inter-level travel time spent in this place.
 D = Time resting spent in this place.
 E = Time spent auto-exploring this place.
 F = Levels seen in this place.
 G = Mean time per level.
                   A        B        C        D        E       F      G
               +--------+--------+--------+--------+--------+-----+--------+
         Total |    109 |    109 |      0 |      0 |     71 |   1 |  109.0 |
       Dungeon |    109 |    109 |      0 |      0 |     71 |   1 |  109.0 |
               +--------+--------+--------+--------+--------+-----+--------+

Top non-repeatable levels by time:
     D:1: 109 daAuts
